 Dungeon Crawl Stone Soup version 0.29.0-13-gc9e81de378 (webtiles) character file.

Game seed: 17788723356991946369

196 inmateoo the Trooper (level 6, -1/47 HPs)
             Began as a Formicid Warper on Sept 10, 2022.
             Slain by an iguana (2 damage)
             ... on level 4 of the Dungeon.
             The game lasted 00:04:05 (3604 turns).

inmateoo the Trooper (Formicid Warper)              Turns: 3604, Time: 00:04:06

Health: -1/47      AC:  4    Str: 18    XL:     6   Next: 4%
Magic:  9/9        EV: 12    Int: 12    God:
Gold:   233        SH:  0    Dex: 13    Spells: 9/9 levels left

rFire   . . .      SeeInvis +   a - +0 trident
rCold   . . .      Faith    .   (no shield)
rNeg    . . .      Spirit   .   b - +1 leather armour
rPois   .          Reflect  .   (helmet unavailable)
rElec   .          Harm     .   (no cloak)
rCorr   .          Rampage  .   (no gloves)
Will    .....                   (no boots)
Stlth   +.........              (no amulet)
HPRegen 0.15/turn               (no ring)
MPRegen 0.11/turn               (no ring)

@: mighty
A: permanent stasis, dig shafts and tunnels, antennae 3, four strong arms
a: Dig, Shaft Self


You were on level 4 of the Dungeon.
You visited 1 branch of the dungeon, and saw 4 of its levels.

You collected 233 gold pieces.

Inventory:

Hand Weapons
 a - a +0 trident (weapon)
Missiles
 c - 5 boomerangs of dispersal
 m - 6 boomerangs (quivered)
 n - a throwing net
 q - 8 poisoned darts
Armour
 b - a +1 leather armour (worn)
 p - a +0 kite shield
Potions
 d - 2 potions of invisibility
 i - 2 potions of flight


   Skills:
 + Level 3.5 Fighting
 + Level 3.1 Polearms
 + Level 1.8 Throwing
 + Level 2.8 Armour
 + Level 2.8 Dodging
 + Level 1.1 Shields
 - Level 2.1 Spellcasting
 - Level 2.6 Translocations


You had 9 spell levels left.
You didn't know any spells.
Your spell library contained the following spells:

 Spells                   Type           Power      Damage    Failure   Level
 Gell's Gravitas          Tloc           7%         N/A       32%         3
 Lesser Beckoning         Tloc           7%         N/A       32%         3
 Teleport Other           Tloc           7%         N/A       32%         3
 Sublimation of Blood     Necr           1%         N/A       43%         2
 Wereblood                Tmut           1%         N/A       43%         2
 Manifold Assault         Tloc           7%         N/A       96%         5
 Summon Hydra             Summ           0%         N/A       100%        7
 Blink                    Tloc           Unusable   N/A       N/A         2

Dungeon Overview and Level Annotations

Branches:
Dungeon (4/15)
 Temple: D:4-7

Altars:
Gozag
The Shining One

Shops:
D:1 [


Innate Abilities, Weirdness & Mutations

You cannot be hasted, slowed, berserked, paralysed or teleported.
You can dig through walls and to a lower floor.
You have a pair of large antennae on your head. (SInv)
Your four strong arms can wield two-handed weapons with a shield.


Message History

That would be overly suicidal.
Okay, then.
Unknown command.
There is a stone staircase leading down here.
You start resting.
HP restored.
You climb downwards.
You hear the hiss of flowing sand.
There is an entrance to an ossuary on this level.
Hurry and find it before the portal is buried!
You hear the quick hiss of a distant avalanche of sand.
The iguana hisses angrily.
There is a stone staircase leading up here.
You reach to attack!
You completely miss the iguana. You closely miss the iguana.
The iguana bites you!
You hit the iguana.
The iguana is lightly wounded.
The iguana bites you. The iguana bites you!
You are too injured to fight recklessly!
You hit the iguana.
The iguana is heavily wounded.
The iguana bites you.
You are too injured to fight recklessly!
You hit the iguana but do no damage.
The iguana is heavily wounded.
The iguana closely misses you.
You hit the iguana but do no damage.
The iguana is heavily wounded.
The iguana barely misses you.
You hit the iguana.
The iguana is heavily wounded.
The iguana bites you!
* * * LOW HITPOINT WARNING * * *
You hit the iguana but do no damage.
The iguana is heavily wounded.
The iguana bites you!
* * * LOW HITPOINT WARNING * * *
It was a potion of might.
You feel very mighty all of a sudden. The iguana bites you.
You die...

## .#.#..#####
.......@l.#
...............
#...###.....###
..# ...#### .
...# .#### . .#
#. ..


You could see an iguana.

Vanquished Creatures
  2 iguanas (D:4)
  3 gnolls
  4 adders
  3 dart slugs
  9 ball pythons
  6 bats
  3 endoplasms
  2 giant cockroaches
  7 goblins
  10 hobgoblins
  2 jackals (D:2)
  8 quokkas
  3 frilled lizards
  4 kobolds
  5 rats
71 creatures vanquished.

Notes
Turn   | Place    | Note
-------+----------+-------------------------------------------
     0 | D:1      | inmateoo the Formicid Warper began the quest for the Orb.
     0 | D:1      | Reached XP level 1. HP: 16/16 MP: 3/3
   117 | D:1      | Reached XP level 2. HP: 23/23 MP: 5/5
   176 | D:1      | Found Liaci's Armour Shoppe.
   434 | D:1      | Reached XP level 3. HP: 28/28 MP: 6/6
  1021 | D:1      | Reached XP level 4. HP: 6/34 MP: 7/7
  1594 | D:2      | Found a faded altar of an unknown god.
  1867 | D:2      | Reached XP level 5. HP: 40/41 MP: 8/8
  2631 | D:3      | Found a glowing golden altar of the Shining One.
  3297 | D:4      | Found an opulent altar of Gozag.
  3330 | D:4      | Reached skill level 1 in Shields
  3330 | D:4      | Reached XP level 6. HP: 11/47 MP: 9/9
  3603 | D:4      | HP: 1/47 [iguana (8)]
  3604 | D:4      | Slain by an iguana

Illustrated notes

Levels and vault maps discovered:
D:1:      ncdulo_watergridlock, layout_rooms, serial_shops, shop_statue
D:2:      cheibrodos_greedy_goblins, layout_basic,
          shapermc_ecumenical_altar_flowoftime
D:3:      layout_loops_ring, mainiacjoe_overflow_surrounded_room
D:4:      layout_rooms, riverfiend_overflow_shadow_ancestor,
          nicolae_ru_great_annihilating_truth, lemuel_round_altar,
          lemuel_round_altar, nicolae_ossuary_entry_giza

Skill      XL: |  1  2  3  4  5 |
---------------+----------------+-----
Dodging        | 2 |  2.8
Armour         | 2 |  2.8
Fighting       | 3 |  3.5
Polearms       | 3 |  3.1
Shields        | 1 |  1.1
Throwing       | |  1.8
Spellcasting   | |  2.1
Translocations | |  2.6

Action                   |  1- 3 |  4- 6 || total
-------------------------+-------+-------++-------
Melee: Spear             |    94 |   136 ||   230
       Trident           |       |    35 ||    35
       Punch             |       |     1 ||     1
Throw: Boomerang         |     4 |     5 ||     9
  Use: Scroll            |       |    11 ||    11
       Potion            |       |     2 ||     2
Armor: Leather armour    |    13 |    19 ||    32
       Skin              |       |     5 ||     5
Dodge: Dodged            |    53 |    97 ||   150
